 Dungeon Crawl Stone Soup version 0.17.1-3-g152610e (webtiles) character file.

5341 Kingpool the Spear-Bearer (level 10, -6/123 HPs)
             Began as a Merfolk Berserker on Nov 27, 2015.
             Was an Elder of Trog.
             Mangled by a 14-headed hydra (8 damage)
             ... on level 1 of the Lair of Beasts on Mar 14, 2016.
             The game lasted 01:23:22 (12789 turns).

Kingpool the Spear-Bearer (Merfolk Berserker)      Turns: 12789, Time: 01:23:23

Health: -6/123     AC: 12    Str: 24    XL:     10   Next: 65%
Magic:  14/14      EV: 12    Int:  6    God:    Trog [****..]
Gold:   409        SH:  0    Dex: 16    Spells: 0 memorised, 9 levels left

rFire  . . .     SeeInvis .     r - +0 halberd
rCold  . . .     Clarity  .     t - +0 chain mail of a ziggurat {rPois Regen+ Slay+2} (curse)
rNeg   . . .     SustAt   .     (shield currently unavailable)
rPois  +         Gourm    .     (no helmet)
rElec  .         Spirit   .     e - +0 cloak
rCorr  .         Warding  .     g - +1 pair of gloves
rMut   .         Stasis   .     (no boots)
MR     ++...                    (no amulet)
Stlth  ..........               (no ring)
                                s - ring of invisibility

@: berserking, regenerating, very quick, very resistant to hostile enchantments,
extremely unstealthy
A: change form in water, swift swim
a: Berserk, Trog's Hand, Brothers in Arms, Burn Spellbooks, Renounce Religion,
Evoke Invisibility


You were on level 1 of the Lair of Beasts.
You worshipped Trog.
Trog was greatly pleased with you.
You were hungry.

You visited 3 branches of the dungeon, and saw 11 of its levels.

You collected 641 gold pieces.
You spent 232 gold pieces at shops.

Inventory:

Hand Weapons
 r - a +0 halberd (weapon)
Missiles
 l - 14 poisoned needles
 u - 3 needles of paralysis
Armour
 e - a +0 cloak (worn)
 g - a +1 pair of gloves (worn)
 q - a +0 plate armour
 t - the cursed +0 chain mail of a ziggurat (worn) {rPois Regen+ Slay+2}
   (You bought it in a shop on level 9 of the Dungeon)

   It affects your accuracy and damage with ranged weapons and melee attacks
   (+2).
   It protects you from poison.
   It increases your rate of regeneration.
   It has a curse placed upon it.
Jewellery
 p - an uncursed ring of fire
 s - a ring of invisibility (left hand)
Wands
 b - a wand of paralysis (10)
Scrolls
 f - 3 scrolls of amnesia
 k - 4 scrolls of remove curse
 m - 7 scrolls of identify
 n - 2 scrolls of teleportation
 w - a scroll of blinking {unknown}
Potions
 a - 2 potions of curing {unknown}
 d - a potion of brilliance {unknown}
 h - 2 potions of agility
 j - a potion of heal wounds {unknown}
 o - a potion of haste
 v - a potion of poison {unknown}
 z - a potion of invisibility {unknown}
 A - a potion of degeneration {unknown}
Comestibles
 c - 4 bread rations
 i - 4 meat rations
 x - 10 royal jellies


   Skills:
 + Level 8.8 Fighting
 * Level 14.5 Polearms
 - Level 3.5 Armour
 - Level 6.5 Dodging
 + Level 6.0 Evocations


You had 9 spell levels left.
You didn't know any spells.

Dungeon Overview and Level Annotations

Branches:
Dungeon (9/15)             Temple (1/1) D:4            Lair (1/8) D:9
    Orc: D:9-12

Altars:
Ashenzari
Cheibriados
Dithmenos
Elyvilon
Fedhas
Gozag
Kikubaaqudgha
Makhleb
Nemelex Xobeh
Okawaru
Qazlal
Ru
Sif Muna
Trog
Vehumet
Xom
Yredelemnul
Zin
The Shining One

Shops:
D:9 [

Annotations:
D:7 1 runed door


Message History

You lop one of the 13-headed hydra's heads off!
The 12-headed hydra grows two more!
You puncture the 14-headed hydra!
The 14-headed hydra is almost dead.
The 14-headed hydra closely misses you. The 14-headed hydra barely misses you.
The 14-headed hydra bites you but does no damage.
The 14-headed hydra bites you.
* * * LOW HITPOINT WARNING * * *
The 14-headed hydra misses you. The 14-headed hydra bites you.
* * * LOW HITPOINT WARNING * * *
The 14-headed hydra barely misses you. The 14-headed hydra bites you.
* * * LOW HITPOINT WARNING * * *
The 14-headed hydra bites you!
* * * LOW HITPOINT WARNING * * *
The 14-headed hydra bites you.
* * * LOW HITPOINT WARNING * * *
The 14-headed hydra bites you!
* * * LOW HITPOINT WARNING * * *
The 14-headed hydra bites you but does no damage.
The 14-headed hydra bites you!
You die...

.. ## .###.##
.....# ..... ..+
...# ...# ..#
..... ## ###D#
....#
##.##P#@##.....
...............
...............
...............
...............
................
...............#
#..####.##.....#
#..............#


You could see a 14-headed hydra.

Vanquished Creatures
  Pikel (D:7)
  A komodo dragon (D:9)
  2 trolls (D:9)
  A hungry ghost (D:9)
  3 hippogriffs
  A soldier ant (D:7)
  3 slaves (D:7)
  2 orc warriors (D:7)
  A sky beast (D:8)
  2 centaurs (D:8)
  An ice beast (D:5)
  12 ogres
  A necrophage (D:6)
  4 giant frogs
  A water moccasin zombie (D:7)
  3 scorpions
  A water moccasin skeleton (D:5)
  2 centaur skeletons
  A centaur zombie (D:9)
  A crimson imp (D:7)
  Crazy Yiuf (D:7)
  4 giant frog skeletons
  4 hounds
  3 jellies (D:9)
  8 worker ants
  3 iguanas
  4 orc wizards
  7 orc priests
  A killer bee zombie (D:4)
  2 hound skeletons
  10 gnolls
  15 adders
  A shadow imp (D:9)
  7 oozes
  5 worms
  An adder zombie (D:7)
  An adder skeleton (D:5)
  4 giant geckos
  35 orcs
  9 bats
  7 giant cockroaches
  10 goblins
  9 hobgoblins
  8 jackals
  7 kobolds
  4 quokkas
  3 ball pythons
  A giant gecko skeleton (D:6)
  9 giant newts
  A jackal zombie (D:5)
  7 rats
  A fungus (D:5)
236 creatures vanquished.

Vanquished Creatures (others)
  An orc wizard (D:7)
  A plant (D:9)
2 creatures vanquished.

Grand Total: 238 creatures vanquished

Notes
Turn   | Place    | Note
--------------------------------------------------------------
     0 | D:1      | Kingpool the Merfolk Berserker began the quest for the Orb.
     0 | D:1      | Reached XP level 1. HP: 18/18 MP: 1/1
   161 | D:1      | Reached XP level 2. HP: 24/24 MP: 2/2
   443 | D:1      | Reached skill level 5 in Polearms
   480 | D:1      | Reached ** piety under Trog
   780 | D:2      | Found a glowing silver altar of Zin.
  1098 | D:2      | Reached XP level 3. HP: 25/29 MP: 3/3
  1220 | D:2      | Found a deep blue altar of Sif Muna.
  1400 | D:2      | Reached XP level 4. HP: 35/37 MP: 4/4
  2038 | D:3      | Reached skill level 6 in Polearms
  2245 | D:3      | Reached XP level 5. HP: 40/42 MP: 5/5
  2423 | D:3      | Reached *** piety under Trog
  2542 | D:3      | Reached skill level 7 in Polearms
  2544 | D:3      | Reached XP level 6. HP: 42/48 MP: 6/6
  3483 | D:4      | Found a staircase to the Ecumenical Temple.
  3492 | Temple   | Entered the Ecumenical Temple
  3833 | D:4      | Reached XP level 7. HP: 53/55 MP: 7/7
  3848 | D:4      | Reached skill level 8 in Polearms
  3848 | D:4      | Reached skill level 5 in Dodging
  3898 | D:4      | Found a white marble altar of Elyvilon.
  4745 | D:4      | Reached skill level 5 in Fighting
  4865 | D:4      | Reached skill level 9 in Polearms
  4897 | D:4      | Upgraded the game from 0.17.0-28-g6e173f8 to 0.17.1-1-g73c8601
  5184 | D:5      | Entered Level 5 of the Dungeon
  5685 | D:4      | Reached XP level 8. HP: 31/62 MP: 8/8
  6109 | D:5      | Found a shadowy altar of Dithmenos.
  6184 | D:4      | Upgraded the game from 0.17.1-1-g73c8601 to 0.17.1-3-g152610e
  6741 | D:5      | Found a bloodstained altar of Trog.
  7136 | D:6      | Found a shimmering altar of Xom.
  7138 | D:6      | Found a shimmering altar of Xom.
  7138 | D:6      | Found a shimmering altar of Xom.
  7140 | D:6      | Found a shimmering altar of Xom.
  7185 | D:6      | Reached skill level 10 in Polearms
  7274 | D:6      | Found a shattered altar of Ashenzari.
  7317 | D:6      | Reached skill level 1 in Evocations
  8306 | D:7      | Reached **** piety under Trog
  8326 | D:7      | Reached skill level 11 in Polearms
  8326 | D:7      | Reached XP level 9. HP: 70/70 MP: 10/10
  9253 | D:7      | Noticed Crazy Yiuf
  9258 | D:7      | Killed Crazy Yiuf
  9444 | D:7      | Found a runed door.
  9447 | D:7      | Found a runed door.
  9461 | D:7      | Reached skill level 12 in Polearms
  9686 | D:7      | Noticed Pikel
  9703 | D:7      | Killed Pikel
  9867 | D:8      | Reached skill level 13 in Polearms
 10041 | D:8      | Reached XP level 10. HP: 70/80 MP: 13/13
 10850 | D:8      | Reached skill level 5 in Evocations
 10883 | D:8      | Found a stormy altar of Qazlal.
 10883 | D:8      | Found a basalt altar of Yredelemnul.
 10884 | D:8      | Found an opulent altar of Gozag.
 11217 | D:9      | Found a staircase to the Lair.
 11803 | D:9      | Reached skill level 14 in Polearms
 11934 | D:9      | Found Keyg Voh's Armour Emporium.
 12001 | D:9      | Bought the cursed +0 chain mail of a ziggurat {rPois Regen+ Slay+2} for 232 gold pieces
 12757 | Lair:1   | Entered Level 1 of the Lair of Beasts
 12780 | Lair:1   | Noticed a seven-headed hydra
 12789 | Lair:1   | HP: 2/123 [14-headed hydra (9)]
 12789 | Lair:1   | Mangled by a 14-headed hydra

Action                   |  1- 3 |  4- 6 |  7- 9 | 10-12 || total
-------------------------+-------+-------+-------+-------++-------
Melee: Spear             |   125 |   161 |       |       ||   286
       Trident           |       |    89 |   487 |    17 ||   593
       Halberd           |       |       |       |   181 ||   181
Invok: Berserk           |     1 |     7 |    13 |     7 ||    28
       Trog's Hand       |     1 |     1 |     6 |     2 ||    10
       Burn Spellbooks   |       |       |     1 |     1 ||     2
  Use: Potion            |       |       |     6 |       ||     6
       Scroll            |       |       |     8 |       ||     8
 Stab: Sleeping          |     4 |       |       |       ||     4
  Eat: Fruit             |     5 |       |       |       ||     5
       Chunk             |       |    14 |    21 |    15 ||    50
       Meat ration       |       |       |     1 |       ||     1
       Royal jelly       |       |       |     1 |       ||     1
       Bread ration      |       |       |     1 |       ||     1
       Beef jerky        |       |       |     1 |     1 ||     2
